 Dungeon Crawl Stone Soup version 0.27.1-33-g824d729ab1 (webtiles) character file.

Game seed: 12757169807997737510

28 zeram the Ducker (level 3, -9/19 HPs)
             Began as a Spriggan Fighter on Dec 26, 2021.
             Killed by nerve-wracking pain
             ... invoked by Jessica
              (14 damage)
             ... on level 1 of the Dungeon.
             The game lasted 00:01:21 (1210 turns).

zeram the Ducker (Spriggan Fighter)                 Turns: 1210, Time: 00:01:21

Health: -9/19      AC:  2    Str: 12    XL:     3   Next: 0%
Magic:  4/4        EV: 18    Int: 10    God:
Gold:   42         SH:  6    Dex: 14    Spells: 2/2 levels left

rFire    . . .     SeeInvis +   a - +0 rapier
rCold    . . .     Faith    .   c - +0 buckler
rNeg     . . .     Spirit   .   b - +0 robe
rPois    .         Reflect  .   (helmet restricted)
rElec    .         Harm     .   (no cloak)
rCorr    .         Rampage  .   (gloves unavailable)
Will     .....                  (boots unavailable)
Stlth    +.........             (no amulet)
HPRegen  0.06/turn              (no ring)
MPRegen  0.09/turn              (no ring)

@: very quick
A: very small, no large weapons, unfitting armour, see invisible, speed 3
a: no special abilities


You were on level 1 of the Dungeon.
You visited 1 branch of the dungeon, and saw 2 of its levels.

You collected 42 gold pieces.

Inventory:

Hand Weapons
 a - a +0 rapier (weapon)
Armour
 b - a +0 robe (worn)
 c - a +0 buckler (worn)
Scrolls
 e - a scroll of noise
Potions
 d - a potion of might
 h - a potion of heal wounds {unknown}
 j - a potion of flight {unknown}


   Skills:
 - Level 2.4 Fighting
 - Level 2.1 Short Blades
 + Level 4.9 Dodging
 + Level 2.7 Shields


You had 2 spell levels left.
You didn't know any spells.
Your spell library was empty.

Dungeon Overview and Level Annotations

Branches:
Dungeon (2/15)

Altars:

Annotations:
D:1 Jessica


Innate Abilities, Weirdness & Mutations

You are very small and have problems with some larger weapons.
You are too small for most types of armour.
You have supernaturally acute eyesight. (SInv)
You cover ground extremely quickly. (Speed+++)


Message History

Jessica the Apprentice Sorceress comes into view.
She is wielding a +0 dagger and carrying a wand of flame (15).
The goblin barely misses you.
Jessica shouts!
You hit the goblin but do no damage. The goblin hits you but does no damage.
You barely miss the goblin. The goblin misses you.
You barely miss the goblin. The goblin completely misses you.
You closely miss the goblin. The goblin barely misses you.
The goblin hits you with a +0 dagger.
You are too injured to fight recklessly!
You closely miss the goblin.
Jessica casts a spell.
Jessica blinks!
You block the goblin's attack.
Found a stone staircase leading down.
The goblin closely misses you.
A ball python comes into view.
The ball python hisses angrily.
Jessica casts a spell.
Jessica blinks!
The ball python bites you. The ball python closely misses you.
Jessica gestures at you while chanting. Pain shoots through your body!
* * * LOW HITPOINT WARNING * * *
There is a stone staircase leading up here.
Okay, then.
Okay, then.
It was a potion of curing.
You feel better. The ball python barely misses you.
You block the ball python's attack.
Jessica says, "I'm really upset."
Jessica completely misses you. The ball python bites you.
* * * LOW HITPOINT WARNING * * *
The ball python misses you.
Jessica mumbles some strange words.
Jessica seems to speed up.
You climb upwards.
There is a stone staircase leading down here.
The ball python misses you. You block the ball python's attack.
Jessica points at you and mumbles some strange words.
Pain shoots through your body!
Ouch! That really hurt!
You die...

#.############.#....##.......#
#...........##.##.####.......####
########....##'##.# #..........#
#........#.# #.####.....#
#........#.# #.# #.....#
###........# #.# #######
#........####.# #.............#
#......@S###### ########># #@#
#.# #.# ###


You could see Jessica (fast) and a ball python.

Vanquished Creatures
  A worm (D:2)
  A dart slug (D:1)
  An endoplasm (D:1)
  3 giant cockroaches (D:1)
  A goblin (D:1)
  4 hobgoblins (D:1)
  2 jackals (D:1)
  3 ball pythons (D:1)
  A bat (D:1)
  2 frilled lizards
  3 rats
22 creatures vanquished.

Vanquished Creatures (others)
  2 fungi (D:2)
2 creatures vanquished.

Grand Total: 24 creatures vanquished

Notes
Turn   | Place    | Note
-------+----------+-------------------------------------------
     0 | D:1      | zeram the Spriggan Fighter began the quest for the Orb.
     0 | D:1      | Reached XP level 1. HP: 11/11 MP: 2/2
    70 | D:1      | Reached XP level 2. HP: 16/16 MP: 3/3
  1191 | D:2      | Reached XP level 3. HP: 11/19 MP: 4/4
  1192 | D:2      | Noticed Jessica
  1210 | D:1      | Killed from afar by Jessica

Illustrated notes

Levels and vault maps discovered:
D:1:      grunt_arrival_lava_bath, layout_basic
D:2:      layout_loops_ring, uniq_crazy_yiuf_cottage, uniq_jessica

Action                   || total
-------------------------++-------
Melee: Rapier            ||    63
  Use: Scroll            ||     3
       Potion            ||     1
Armor: Robe              ||     4
Dodge: Dodged            ||    32
Block: Buckler           ||    14
